 Dungeon Crawl Stone Soup version 0.23.1-37-gaa34b87 (webtiles) character file.

Game seed: 15757020643494365157

10 Borgoz the Sneak (level 2, 0/19 (20) HPs)
             Began as a Ghoul Enchanter on Mar 21, 2019.
             Slain by a leopard gecko (3 damage)
             ... on level 1 of the Dungeon.
             The game lasted 00:00:59 (799 turns).

Borgoz the Sneak (Ghoul Enchanter)                   Turns: 799, Time: 00:00:59

HP:   0/19 (20)     AC:  2    Str: 11    XL:     2   Next: 20%
MP:   3/3           EV: 12    Int: 10    God:
Gold: 22            SH:  0    Dex:  9    Spells: 1/4 levels left

rFire    . . .     SeeInvis .   e - +0 short sword
rCold    + . .     Gourm    .   (no shield)
rNeg     + + +     Faith    .   b - +0 robe
rPois    ∞         Spirit   .   (no helmet)
rElec    .         Reflect  .   (no cloak)
rCorr    .         Harm     .   (no gloves)
MR       .....                  (no boots)
Stlth    ++........             (no amulet)
HPRegen  0.00/turn              (no ring)
MPRegen  0.08/turn              (no ring)

@: rotting
A: rotting body, claws 1, carnivore, cold resistance 1, negative energy
resistance 3, inhibited regeneration, torment resistance, unbreathing
a: no special abilities


You were on level 1 of the Dungeon.
You were not hungry.

You visited 1 branch of the dungeon, and saw 1 of its levels.

You collected 22 gold pieces.

Inventory:

Hand Weapons
 e - a +0 short sword (weapon)
Missiles
 c - a throwing net (quivered)
Armour
 b - a +0 robe (worn)
 g - a +0 leather armour
Jewellery
 f - a +3 amulet of reflection
Scrolls
 a - a scroll of identify
Comestibles
 d - 3 rations


   Skills:
 + Level 0.2 Fighting
 * Level 1.1 Short Blades
 * Level 0.5 Armour
 * Level 1.9 Dodging
 + Level 3.3 Stealth
 + Level 1.8 Spellcasting
 + Level 2.4 Hexes


You had one spell level left.
You knew the following spells:

 Your Spells              Type           Power        Failure   Level  Hunger
a - Corona                Hex            #......      12%         1    ##.....
b - Ensorcelled Hibernat  Hex/Ice        #.....       28%         2    ###....

Your spell library contained the following spells:

 Spells                   Type           Power        Failure   Level  Hunger
 Confuse                  Hex            #.......     34%         3    ####...
 Tukima's Dance           Hex            #.......     34%         3    ####...
 Dazzling Spray           Conj/Hex       #.....       50%         3    ####...


Dungeon Overview and Level Annotations

Branches:
Dungeon (1/15)

Altars:


Innate Abilities, Weirdness & Mutations

Your body is rotting away.
You thrive on raw meat.
You are immune to poison.
You have sharp fingernails.
You are carnivorous and can eat meat at any time.
Your flesh is cold resistant. (rC+)
You are immune to negative energy. (rN+++)
You do not regenerate when monsters are visible.
You are immune to unholy pain and torment.
You can survive without breathing.


Message History

You barely miss the leopard gecko.
The leopard gecko is lightly wounded.
The leopard gecko barely misses you. The leopard gecko bites you.
The frilled lizard barely misses you.
You hit the leopard gecko.
The leopard gecko is heavily wounded.
The leopard gecko bites you. The frilled lizard bites you.
* * * LOW HITPOINT WARNING * * *
You closely miss the leopard gecko.
The leopard gecko is heavily wounded.
The leopard gecko bites you but does no damage.
The frilled lizard bites you.
* * * LOW HITPOINT WARNING * * *
Okay, then.
You aren't carrying any potions.
As you read the scroll labeled FONAED NAAHEN, it crumbles to dust.
It is a scroll of identify.
f - a +3 amulet of reflection The leopard gecko bites you.
You die...

##############
....)........#
############.###########
.. ..............[.....
## #####.......@...#
#......ll...#
#...........# ......#
#...........# ......#
#...........# ......#
#...........# ......#
#.......[...# ......#
#...........# ......#
#..........


You could see a leopard gecko and a frilled lizard.

Vanquished Creatures
  A dart slug (D:1)
  A goblin (D:1)
  2 hobgoblins (D:1)
  A frilled lizard (D:1)
  2 kobolds (D:1)
  2 rats (D:1)
9 creatures vanquished.

Notes
Turn   | Place    | Note
-------+----------+-------------------------------------------
     0 | D:1      | Borgoz the Ghoul Enchanter began the quest for the Orb.
     0 | D:1      | Reached XP level 1. HP: 14/14 MP: 2/2
   372 | D:1      | Reached skill level 1 in Short Blades
   586 | D:1      | Reached XP level 2. HP: 10/20 MP: 3/3
   754 | D:1      | Learned a level 2 spell: Ensorcelled Hibernation
   799 | D:1      | Slain by a leopard gecko

Skill      XL: |  1 |
---------------+----+-----
Short Blades   | 1 |  1.1
Fighting       | |  0.2
Armour         | |  0.5
Dodging        | |  1.9
Stealth        | |  3.3
Spellcasting   | |  1.8
Hexes          | |  2.4

Action                   || total
-------------------------++-------
Melee: Short sword       ||    32
       Dagger            ||    16
  Use: Scroll            ||     1
 Stab: Sleeping          ||     2
  Eat: Chunk             ||     2
Armor: Robe              ||     5
Dodge: Dodged            ||    27
